 Dungeon Sprint DCSS version 0.17-a0-1850-g688e747 (webtiles) character file.

232780 Kidiri the Minotaur Barricade (level 18, -4/200 HPs)
             Began as a Minotaur Fighter on Sept 18, 2015.
             Was the Champion of Trog.
             Slain by an azure jelly (8 damage)
             ... created by the royal jelly
             ... in the Dungeon (Sprint VII: "The Pits") on Sept 19, 2015.
             The game lasted 02:08:43 (16203 turns).

Kidiri the Minotaur Barricade (Minotaur Fighter)   Turns: 16203, Time: 02:08:43

Health: -4/200     AC: 12    Str: 34    XL:     18   Next: 83%
Magic:  10/10      EV: 23    Int:  8    God:    Trog [******]
Gold:   125        SH: 31    Dex: 13    Spells: 0 memorised, 17 levels left

rFire  + + .     SeeInvis .     b - +8 eveningstar (antimagic)
rCold  + + .     Clarity  .     n - +3 plate armour {rF+}
rNeg   + + +     SustAt   .     A - +2 large shield
rPois  +         Gourm    .     B - +2 hat
rElec  +         Spirit   .     Y - +1 cloak {rPois}
rCorr  .         Warding  +     E - +1 pair of gloves
rMut   .         NoTele   +     C - +1 pair of boots
MR     +++..                    U - amulet of Call {Ward *Corrode rPois rF+ rN+ Str+4}
Stlth  +.........               D - ring "Fueven" {rC+ rN++}
                                r - ring "Omuint" {rElec rC+ Str+2 Int+3 Slay+2}

@: exhausted, corroded equipment, regenerating, slowed, very slow, extremely
resistant to hostile enchantments, very unstealthy
A: retaliatory headbutt, horns 2, strong 1
a: Burn Spellbooks, Berserk, Trog's Hand, Brothers in Arms, Renounce Religion
}: 1/15 runes: silver


You were in the Dungeon.
You worshipped Trog.
Trog was exalted by your worship.
You were not hungry.

You visited 1 branch You collected 125 gold pieces.

Inventory:

Hand weapons
 b - a +8 antimagic eveningstar (weapon)
 l - a +2 mace of holy wrath
 H - a +0 dagger
 M - a +0 hand axe
 P - a +1 great sword of flaming
 T - a +3 antimagic morningstar
 V - a +3 great sword
 W - a +4 mace of holy wrath
Missiles
 N - 3 poisoned tomahawks (quivered)
Armour
 n - a +3 plate armour of fire resistance (worn)
 A - a +2 large shield (worn)
 B - a +2 hat (worn)
 C - a +1 pair of boots (worn)
 E - a +1 pair of gloves (worn)
 F - a +0 cloak
 J - a +0 cloak
 Y - a +1 cloak of poison resistance (worn)
Jewellery
 r - the ring "Omuint" (left hand) {rElec rC+ Str+2 Int+3 Slay+2}
   (You found it in the Dungeon)

   [ring of protection from cold]

   It affects your strength (+2).
   It affects your intelligence (+3).
   It affects your accuracy and damage with ranged weapons and melee attacks
   (+2).
   It protects you from cold.
   It insulates you from electricity.
 D - the ring "Fueven" (right hand) {rC+ rN++}
   (You took it off a deep elf summoner in the Dungeon)

   [ring of protection from cold]

   It protects you from cold.
   It greatly protects you from negative energy.
 U - the amulet of Call (around neck) {Ward *Corrode rPois rF+ rN+ Str+4}
   (You found it in the Dungeon)

   [amulet of warding]

   It may prevent the melee attacks of summoned creatures.
   It affects your strength (+4).
   It protects you from fire.
   It protects you from poison.
   It protects you from negative energy.
   It may corrode your equipment when you take damage.
Magical devices
 x - a wand of flame (40)
 y - a wand of frost (17)
 G - a wand of hasting (5)
 L - a wand of heal wounds (3)
Scrolls
 a - 4 scrolls of fear
 d - a scroll of immolation
 o - 7 scrolls of remove curse
 p - a scroll of fog
 q - a scroll of summoning
 t - 2 scrolls of vulnerability
 u - 5 scrolls of enchant weapon
 v - a scroll of blinking
 w - a scroll of recharging
 I - 4 scrolls of identify
Potions
 c - 6 potions of haste
 e - 2 potions of invisibility
 f - 11 potions of curing
 g - 9 potions of heal wounds
 h - a potion of cancellation
 i - 5 potions of magic
 j - 10 potions of berserk rage
 k - 5 potions of might
 s - a potion of resistance
 K - a potion of ambrosia
 Q - 6 potions of agility
 R - 4 potions of brilliance
 S - 4 potions of cure mutation
Comestibles
 m - 39 fruits
 z - 8 meat rations


   Skills:
 O Level 27 Fighting
 O Level 27 Maces & Flails
 + Level 17.4 Throwing
 O Level 27 Armour
 O Level 27 Dodging
 + Level 16.2 Stealth
 O Level 27 Shields
 * Level 21.6 Evocations


You had 17 spell levels left.
You didn't know any spells.

Dungeon Overview and Level Annotations

Branches:
Dungeon (1/1)

Altars:
Ashenzari
Cheibriados
Dithmenos
Elyvilon
Fedhas
Gozag
Kikubaaqudgha
Makhleb
Nemelex Xobeh
Okawaru
Qazlal
Ru
Sif Muna
Trog
Vehumet
Xom
Yredelemnul
Zin
The Shining One
Beogh
Jiyva
Lugonu


Innate Abilities, Weirdness & Mutations

You reflexively headbutt those who attack you in melee.
You have a pair of horns on your head.
Your muscles are strong. (Str +2)


Message History

* * * LOW HITPOINT WARNING * * *
You puncture the acid blob!
Your hands burn!
* * * LOW HITPOINT WARNING * * *
The acid blob is heavily wounded.
The acid blob misses you. You block the azure jelly's attack.
You block the azure jelly's attack. The azure jelly barely misses you.
You block the azure jelly's attack. The acid blob spits acid at you.
The splash of acid misses you. The acid blob spits acid at you.
You block the splash of acid. The acid corrodes you!
The azure jelly hits you but does no damage.
The azure jelly hits you.
* * * LOW HITPOINT WARNING * * *
The azure jelly freezes you! You resist.
* * * LOW HITPOINT WARNING * * *
The azure jelly hits you.
* * * LOW HITPOINT WARNING * * *
The azure jelly hits you!
You die...

* ,
############+############
#.......................#
#.......................#
#######################+#
### #+# , , ###.# # #.#
##.J##J+#* #+# , ,
+.JJ@JJ.+ #.# ##.###.##,
#+# * #+# ### , #.#
*##.###.## , #+#
+...+...####### #.#
###.###.###.+#.###+# *
###.#+#.### ###...##.# ,*
#+#+.##..##+.##+.+#.###+#
#.#...+...#...#...#+# #.#


You could see 2 acid blobs, 2 azure jellies and 2 death oozes.

Vanquished Creatures
  the royal jelly (D)
  An orb of fire (D)
  An ancient lich (D)
  Mennas (D)
  2 pandemonium lords (D)
  A greater mummy (D)
  Margery (D)
  Norris (D)
  A Killer Klown (D)
  2 pearl dragons (D)
  2 bone dragons (D)
  2 Brimstone Fiends (D)
  2 electric golems (D)
  2 Hell Sentinels (D)
  A tentacled monstrosity (D)
  4 Ice Fiends (D)
  4 titans (D)
  2 quicksilver dragons (D)
  2 deep elf blademasters (D)
  A deep elf master archer (D)
  An acid blob (D)
  A sphinx (D)
  A shadow dragon (D)
  4 storm dragons (D)
  A daeva (D)
  2 azure jellies (D)
  2 fire giants (D)
  A greater naga (D)
  7 orc warlords (D)
  A deep elf sorcerer (D)
  3 ghost moths (D)
  2 frost giants (D)
  A draconian zealot (D)
  2 balrugs (D)
  3 war gargoyles (D)
  2 ghouls (D)
  A draconian shifter (D)
  An angel (D)
  2 ophanim (D)
  A stone giant (D)
  A dire elephant (D)
  2 deep elf annihilators (D)
  2 deep elf demonologists (D)
  A draconian caller (D)
  Azrael (D)
  A yellow draconian (D)
  3 red draconians (D)
  2 lorocyprocas (D)
  An eidolon (D)
  A purple draconian (D)
  A blizzard demon (D)
  A green death (D)
  2 ettins (D)
  3 death oozes (D)
  2 ogre magi (D)
  4 vault guards (D)
  2 yaktaur captains (D)
  A naga warrior (D)
  A deep elf high priest (D)
  2 hell beasts (D)
  A merfolk avatar (D)
  A deep troll shaman (D)
  A vampire mage (D)
  2 spriggan berserkers (D)
  10 orc high priests (D)
  2 soul eaters (D)
  A hell knight (D)
  A deep elf knight (D)
  A death drake (D)
  An iron troll (D)
  An unseen horror (D)
  A flayed ghost (D)
  2 deep trolls (D)
  A sea snake (D)
  2 spriggan druids (D)
  A deep elf summoner (D)
  2 hill giants (D)
  A necromancer (D)
  7 orc sorcerers (D)
  14 orc knights (D)
  2 hornets (D)
  A moth of wrath (D)
  2 wizards (D)
  A wolf spider (D)
  A cyclops (D)
  An elephant (D)
  An eye of devastation (D)
  3 hellions (D)
  A spiny frog (D)
  5 yaktaurs (D)
  A fire drake (D)
  A kobold demonologist (D)
  A tormentor (D)
  2 trolls (D)
  A komodo dragon (D)
  A hellwing (D)
  A polar bear (D)
  A blue devil (D)
  3 red devils (D)
  A two-headed ogre (D)
  A boulder beetle (D)
  4 blink frogs (D)
  A bog body (D)
  A flying skull (D)
  2 tarantellas (D)
  A wraith (D)
  2 yaks (D)
  2 spriggans (D)
  A ynoxinul (D)
  A fire bat (D)
  A neqoxec (D)
  3 fire elementals (D)
  A wolf (D)
  2 vampires (D)
  6 insubstantial wisps (D)
  2 wargs (D)
  A hell hound (D)
  A mottled dragon (D)
  A swamp drake (D)
  18 orc warriors (D)
  An eye of draining (D)
  A porcupine (D)
  A large abomination (D)
  A necrophage (D)
  A wasp (D)
  Blork the orc (D)
  2 earth elementals (D)
  A gnoll shaman (D)
  3 orc priests (D)
  A hound (D)
  A hell rat (D)
  Terence (D)
  2 orc wizards (D)
  2 quasits (D)
  6 gnolls (D)
  2 giant eyeballs (D)
  2 oozes (D)
  An adder zombie (D)
  2 adder skeletons (D)
  A worm (D)
  16 orcs (D)
  2 bat skeletons (D)
  3 bat zombies (D)
  2 giant cockroaches (D)
  A hobgoblin (D)
  2 quokkas (D)
  A giant cockroach zombie (D)
  A giant gecko (D)
  3 jackals (D)
  A crawling corpse (D)
308 creatures vanquished.

Vanquished Creatures (collateral kills)
  the Lernaean hydra (D)
  Xtahua (D)
  A lich (D)
  An eldritch tentacle (D)
  2 sphinxes (D)
  2 shadow dragons (D)
  2 death cobs (D)
  Frances (D)
  A draconian monk (D)
  A fire giant (D)
  A draconian knight (D)
  2 ghost moths (D)
  9 orc warlords (D)
  2 ghouls (D)
  2 spriggan defenders (D)
  A white draconian (D)
  A yellow draconian (D)
  A deep elf annihilator (D)
  2 red draconians (D)
  A dire elephant (D)
  A deep elf demonologist (D)
  A mottled draconian (D)
  An eidolon (D)
  A blizzard demon (D)
  A mummy priest (D)
  A minotaur (D)
  A deep elf death mage (D)
  A green death (D)
  A fire dragon (D)
  A yaktaur captain (D)
  A great orb of eyes (D)
  A naga warrior (D)
  A hell beast (D)
  An alligator snapping turtle (D)
  A sun demon (D)
  A deep elf knight (D)
  A fire crab (D)
  An ice devil (D)
  A shadow wraith (D)
  A soul eater (D)
  A wizard (D)
  A deep elf summoner (D)
  8 orc knights (D)
  2 orc sorcerers (D)
  A cyclops (D)
  A guardian serpent (D)
  A spiny frog (D)
  A hellwing (D)
  3 yaktaurs (D)
  2 trolls (D)
  A fire drake (D)
  A red devil (D)
  2 bog bodies (D)
  A flying skull (D)
  A ynoxinul (D)
  2 air elementals (D)
  A warg (D)
  A neqoxec (D)
  A yak (D)
  A fire elemental (D)
  4 wolves (D)
  A mottled dragon (D)
  3 insubstantial wisps (D)
  2 orc warriors (D)
  An eye of draining (D)
  A necrophage (D)
  A crocodile (D)
  2 earth elementals (D)
  4 killer bees (D)
  An iguana (D)
  A gnoll shaman (D)
  An orc priest (D)
  3 gnolls (D)
  2 orcs (D)
  A quokka zombie (D)
  A crawling corpse (D)
117 creatures vanquished.

Vanquished Creatures (others)
  A pandemonium lord (D)
  A draconian knight (D)
  A deep elf high priest (D)
  13 eldritch tentacle segments (D)
16 creatures vanquished.

Grand Total: 441 creatures vanquished

Notes
Turn   | Place    | Note
--------------------------------------------------------------
     0 | D        | Kidiri the Minotaur Fighter began the quest for the Orb.
     0 | D        | Reached XP level 1. HP: 19/19 MP: 0/0
    44 | D        | Found a sacrificial altar of Ru.
    44 | D        | Found a basalt altar of Yredelemnul.
    44 | D        | Found a glowing golden altar of the Shining One.
    44 | D        | Found a deep blue altar of Sif Muna.
    44 | D        | Found a burning altar of Makhleb.
    44 | D        | Found an ancient bone altar of Kikubaaqudgha.
    44 | D        | Found a glowing silver altar of Zin.
    45 | D        | Found a shadowy altar of Dithmenos.
    45 | D        | Found a bloodstained altar of Trog.
    45 | D        | Found a shattered altar of Ashenzari.
    45 | D        | Found a white marble altar of Elyvilon.
    45 | D        | Found a snail-covered altar of Cheibriados.
    45 | D        | Found a blossoming altar of Fedhas.
    45 | D        | Found a radiant altar of Vehumet.
    45 | D        | Found a shimmering altar of Xom.
    45 | D        | Found a sparkling altar of Nemelex Xobeh.
    45 | D        | Found a corrupted altar of Lugonu.
    45 | D        | Found a viscous altar of Jiyva.
    45 | D        | Found a roughly hewn altar of Beogh.
    45 | D        | Found an iron altar of Okawaru.
    49 | D        | Became a worshipper of Trog the Wrathful
    51 | D        | Found a stormy altar of Qazlal.
    52 | D        | Found an opulent altar of Gozag.
    68 | D        | Reached skill level 4 in Shields
   159 | D        | Acquired Trog's first power
   161 | D        | Reached skill level 1 in Dodging
   161 | D        | Reached XP level 2. HP: 27/27 MP: 1/1
   167 | D        | Noticed a flying skull
   167 | D        | Paralysed by a giant eyeball for 3 turns
   178 | D        | Killed a flying skull
   178 | D        | Reached skill level 5 in Fighting
   178 | D        | Reached skill level 6 in Maces & Flails
   178 | D        | Reached skill level 7 in Armour
   178 | D        | Reached XP level 3. HP: 33/37 MP: 2/2
   178 | D        | Reached XP level 4. HP: 39/44 MP: 3/3
   178 | D        | Reached XP level 5. HP: 44/50 MP: 4/4
   183 | D        | Acquired Trog's second power
   307 | D        | Noticed Terence
   312 | D        | Noticed a quasit
   316 | D        | Killed Terence
   320 | D        | Noticed a fire bat
   322 | D        | Killed a quasit
   322 | D        | Reached skill level 8 in Shields
   338 | D        | Acquired Trog's third power
   338 | D        | Reached XP level 6. HP: 51/58 MP: 5/5
   353 | D        | Noticed a gnoll shaman
   361 | D        | Killed a gnoll shaman
   362 | D        | Killed a fire bat
   362 | D        | Reached skill level 9 in Maces & Flails
   362 | D        | Reached skill level 5 in Dodging
   416 | D        | Noticed Blork the orc
   426 | D        | Killed Blork the orc
   426 | D        | Reached XP level 7. HP: 62/66 MP: 6/6
   431 | D        | Noticed a spriggan
   437 | D        | Killed a spriggan
   437 | D        | Reached skill level 10 in Armour
   437 | D        | Reached skill level 10 in Shields
   495 | D        | Noticed a porcupine
   495 | D        | Noticed a quasit
   520 | D        | Killed a quasit
   520 | D        | Received a gift from Trog
   520 | D        | Reached skill level 10 in Maces & Flails
   525 | D        | Killed a porcupine
   562 | D        | Noticed a gnoll shaman
   562 | D        | Noticed a crocodile
   562 | D        | Noticed a two-headed ogre
   564 | D        | Killed a crocodile
   565 | D        | Killed a gnoll shaman
   566 | D        | Killed a two-headed ogre
   566 | D        | Reached skill level 11 in Armour
   566 | D        | Reached XP level 8. HP: 61/75 MP: 2/7
   566 | D        | Received a gift from Trog
   771 | D        | Noticed an elephant
   772 | D        | Noticed a tarantella
   778 | D        | Received a gift from Trog
   780 | D        | Killed a tarantella
   787 | D        | Killed an elephant
   787 | D        | Received a gift from Trog
   787 | D        | Reached skill level 12 in Shields
   799 | D        | Noticed a mottled dragon
   805 | D        | Killed a mottled dragon
   808 | D        | Noticed a neqoxec
   808 | D        | Noticed a necromancer
   808 | D        | Noticed a ynoxinul
   810 | D        | Noticed a flying skull
   810 | D        | Noticed a vampire
   822 | D        | Killed a vampire
   826 | D        | Killed a neqoxec
   827 | D        | Killed a ynoxinul
   827 | D        | Reached XP level 9. HP: 84/84 MP: 2/8
   829 | D        | Killed a flying skull
   838 | D        | Killed a necromancer
   838 | D        | Reached skill level 13 in Armour
   855 | D        | Noticed an iguana
   856 | D        | Noticed a boulder beetle
   860 | D        | Killed an iguana
   860 | D        | Received a gift from Trog
   871 | D        | Noticed a hound
   879 | D        | Killed a hound
   891 | D        | Killed a boulder beetle
   891 | D        | Reached skill level 10 in Fighting
   908 | D        | Noticed a kobold demonologist
   908 | D        | Noticed a cyclops
   913 | D        | Noticed a hellwing
   914 | D        | Killed a kobold demonologist
   929 | D        | Killed a hellwing
   931 | D        | Killed a cyclops
   931 | D        | Received a gift from Trog
   994 | D        | Noticed an orc wizard
   994 | D        | Noticed an orc priest
  1002 | D        | Killed an orc priest
  1003 | D        | Killed an orc wizard
  1018 | D        | Noticed a hell rat
  1019 | D        | Noticed an orc priest
  1022 | D        | Killed a hell rat
  1029 | D        | Killed an orc priest
  1088 | D        | Noticed an orc knight
  1088 | D        | Noticed an orc warrior
  1091 | D        | Killed an orc warrior
  1091 | D        | Reached skill level 14 in Shields
  1092 | D        | Noticed an orc sorcerer
  1105 | D        | Killed an orc knight
  1105 | D        | Received a gift from Trog
  1105 | D        | Reached XP level 10. HP: 76/94 MP: 3/9
  1114 | D        | Killed an orc sorcerer
  1187 | D        | Noticed a mottled dragon
  1187 | D        | Noticed an eidolon
  1187 | D        | Noticed a troll
  1191 | D        | Killed a shadow wraith
  1193 | D        | Killed an eidolon
  1194 | D        | Killed a troll
  1194 | D        | Reached skill level 15 in Shields
  1195 | D        | Killed a mottled dragon
  1198 | D        | Killed a ghost moth
  1198 | D        | Received a gift from Trog
  1198 | D        | Reached skill level 15 in Armour
  1205 | D        | Noticed a fire drake
  1209 | D        | Killed a fire drake
  1209 | D        | Reached skill level 15 in Maces & Flails
  1285 | D        | Noticed a neqoxec
  1285 | D        | Noticed a troll
  1285 | D        | Noticed a yak
  1285 | D        | Noticed a yak
  1285 | D        | Noticed a yak
  1285 | D        | Noticed a hill giant
  1286 | D        | Noticed a hornet
  1286 | D        | Noticed a wraith
  1286 | D        | Noticed a hill giant
  1289 | D        | Killed a yak
  1292 | D        | Noticed a spiny frog
  1299 | D        | Killed a hornet
  1299 | D        | Reached skill level 10 in Dodging
  1304 | D        | Killed a spiny frog
  1307 | D        | Killed a hill giant
  1309 | D        | Killed a wraith
  1309 | D        | Reached XP level 11. HP: 94/104 MP: 3/10
  1314 | D        | Killed a troll
  1317 | D        | Killed a neqoxec
  1317 | D        | Reached skill level 16 in Shields
  1318 | D        | Killed a yak
  1320 | D        | Killed a yak
  1324 | D        | Killed a hill giant
  1324 | D        | Received a gift from Trog
  1410 | D        | Got the +7 trident "Ykayss" {pierce, Str-2 Int+7}
  1705 | D        | Noticed a polar bear
  1706 | D        | Noticed an orc warrior
  1707 | D        | Noticed an orc wizard
  1708 | D        | Noticed an orc priest
  1715 | D        | Killed an orc wizard
  1718 | D        | Killed a polar bear
  1722 | D        | Killed an orc priest
  1722 | D        | Received a gift from Trog
  1727 | D        | Killed an orc warrior
  1765 | D        | Noticed a komodo dragon
  1765 | D        | Noticed a ynoxinul
  1771 | D        | Killed a ynoxinul
  1776 | D        | Killed a komodo dragon
  1827 | D        | Noticed a sea snake
  1842 | D        | Killed a sea snake
  1996 | D        | Noticed a blink frog
  1997 | D        | Noticed a blink frog
  2002 | D        | Noticed a blink frog
  2002 | D        | Noticed a tarantella
  2002 | D        | Killed a blink frog
  2004 | D        | Noticed a blink frog
  2010 | D        | Killed a tarantella
  2017 | D        | Killed a blink frog
  2017 | D        | Received a gift from Trog
  2022 | D        | Killed a blink frog
  2027 | D        | Killed a blink frog
  2085 | D        | Killed an unseen horror
  2913 | D        | Noticed a killer bee
  2913 | D        | Noticed a deep elf summoner
  2913 | D        | Noticed an earth elemental
  2913 | D        | Noticed an ice devil
  2913 | D        | Noticed a hellwing
  2913 | D        | Noticed a spiny frog
  2913 | D        | Noticed a hornet
  2913 | D        | Noticed a deep elf demonologist
  2914 | D        | Noticed a wolf
  2914 | D        | Noticed a killer bee
  2914 | D        | Killed a spiny frog
  2914 | D        | Reached skill level 17 in Shields
  2916 | D        | Killed a killer bee
  2916 | D        | Received a gift from Trog
  2917 | D        | Killed a killer bee
  2917 | D        | Killed an ice devil
  2918 | D        | Noticed a wolf
  2919 | D        | Noticed a wolf
  2919 | D        | Killed a wolf
  2920 | D        | Noticed a wolf
  2922 | D        | Noticed a killer bee
  2923 | D        | Killed a wolf
  2928 | D        | Noticed a deep elf summoner
  2928 | D        | Noticed an insubstantial wisp
  2929 | D        | Noticed a blizzard demon
  2929 | D        | Killed a deep elf summoner
  2931 | D        | Noticed a death cob
  2932 | D        | Killed a hornet
  2935 | D        | Noticed a killer bee
  2935 | D        | Noticed a shadow demon
  2936 | D        | Noticed a great orb of eyes
  2936 | D        | Killed a death cob
  2939 | D        | Noticed an eye of draining
  2939 | D        | Killed an earth elemental
  2943 | D        | Gained mutation: Your flesh is cold resistant. [a neqoxec]
  2945 | D        | Killed a deep elf summoner
  2945 | D        | Received a gift from Trog
  2946 | D        | Killed a killer bee
  2947 | D        | Noticed a wolf
  2947 | D        | Noticed a sun demon
  2949 | D        | Killed a shadow demon
  2950 | D        | Killed a wolf
  2952 | D        | Noticed a daeva
  2952 | D        | Killed a deep elf demonologist
  2954 | D        | Killed a wolf
  2955 | D        | Noticed a blue devil
  2955 | D        | Killed a killer bee
  2955 | D        | Received a gift from Trog
  2962 | D        | Killed a wolf
  2975 | D        | Killed a daeva
  2975 | D        | Reached skill level 18 in Shields
  2975 | D        | Reached XP level 12. HP: 58/115 MP: 1/11
  2978 | D        | Noticed a red devil
  2979 | D        | Killed a red devil
  2979 | D        | Received a gift from Trog
  2981 | D        | Killed a hellwing
  2982 | D        | Killed a great orb of eyes
  2983 | D        | Killed a cyclops
  2987 | D        | Killed an insubstantial wisp
  3001 | D        | Noticed an insubstantial wisp
  3001 | D        | Noticed an insubstantial wisp
  3001 | D        | Noticed a vampire
  3001 | D        | Noticed a swamp drake
  3003 | D        | Killed a blue devil
  3005 | D        | Killed an insubstantial wisp
  3025 | D        | Killed a swamp drake
  3027 | D        | Killed an insubstantial wisp
  3029 | D        | Killed a vampire
  3035 | D        | Noticed a red devil
  3039 | D        | Got the +1 scale mail of Xom's Displeasure {Dex+2}
  3039 | D        | Got the ring "Fueven" {rC+ rN++}
  3043 | D        | Killed a red devil
  3069 | D        | Killed an eye of draining
  3069 | D        | Received a gift from Trog
  3705 | D        | Noticed a wizard
  3705 | D        | Noticed a sun demon
  3705 | D        | Noticed a deep elf high priest
  3705 | D        | Noticed a fire crab
  3705 | D        | Noticed a ghoul
  3705 | D        | Noticed a bog body
  3705 | D        | Noticed a ghoul
  3705 | D        | Noticed a ghoul
  3713 | D        | Killed a sun demon
  3713 | D        | Received a gift from Trog
  3716 | D        | Gained mutation: Your magical capacity is low (-10% MP). [a neqoxec]
  3717 | D        | Killed a bog body
  3720 | D        | Killed a ghoul
  3721 | D        | Gained mutation: Scrolls take you a little longer to read. [a neqoxec]
  3723 | D        | Killed a fire crab
  3727 | D        | Killed a ghoul
  3733 | D        | Killed a deep elf high priest
  3747 | D        | Killed a ghoul
  3747 | D        | Reached skill level 19 in Shields
  3751 | D        | Killed a wizard
  3753 | D        | Identified the Handbook of Aid
  3902 | D        | Received a gift from Trog
  4053 | D        | Noticed an air elemental
  4053 | D        | Noticed an earth elemental
  4054 | D        | Noticed an orc knight
  4054 | D        | Noticed an orc knight
  4054 | D        | Noticed an orc knight
  4054 | D        | Noticed an orc knight
  4055 | D        | Noticed an orc warlord
  4055 | D        | Noticed an orc warlord
  4056 | D        | Noticed an orc knight
  4056 | D        | Killed an air elemental
  4057 | D        | Noticed an orc knight
  4057 | D        | Noticed an orc knight
  4057 | D        | Killed an earth elemental
  4058 | D        | Noticed an orc knight
  4059 | D        | Noticed an orc knight
  4060 | D        | Noticed a deep elf knight
  4060 | D        | Noticed a vault guard
  4061 | D        | Killed an orc knight
  4062 | D        | Noticed a yaktaur
  4062 | D        | Noticed a yaktaur
  4063 | D        | Noticed a yaktaur
  4063 | D        | Killed an orc knight
  4064 | D        | Killed an orc warlord
  4065 | D        | Noticed a vault guard
  4066 | D        | Killed an orc knight
  4068 | D        | Noticed a yaktaur
  4068 | D        | Killed an orc warlord
  4069 | D        | Noticed a yaktaur captain
  4069 | D        | Noticed a warg
  4070 | D        | Killed an orc knight
  4070 | D        | Received a gift from Trog
  4071 | D        | Killed a yaktaur
  4071 | D        | Killed an orc knight
  4072 | D        | Noticed an earth elemental
  4072 | D        | Noticed a yaktaur captain
  4072 | D        | Killed an orc knight
  4073 | D        | Noticed a vault guard
  4073 | D        | Noticed Mennas
  4074 | D        | Noticed a naga warrior
  4077 | D        | Noticed an orc knight
  4077 | D        | Killed a deep elf knight
  4079 | D        | Killed a yaktaur
  4079 | D        | Killed an orc knight
  4082 | D        | Killed an orc knight
  4082 | D        | Received a gift from Trog
  4082 | D        | Reached XP level 13. HP: 116/125 MP: 3/10
  4083 | D        | Killed a yaktaur
  4095 | D        | Killed a yaktaur captain
  4097 | D        | Killed a vault guard
  4100 | D        | Killed a vault guard
  4100 | D        | Reached skill level 20 in Shields
  4100 | D        | Killed a yaktaur captain
  4104 | D        | Killed an earth elemental
  4105 | D        | Killed a warg
  4105 | D        | Received a gift from Trog
  4111 | D        | Killed a yaktaur
  4117 | D        | Killed a vault guard
  4121 | D        | Killed an orc knight
  4130 | D        | Killed a naga warrior
  4154 | D        | Killed Mennas
  4154 | D        | Received a gift from Trog
  4154 | D        | Reached skill level 15 in Fighting
  4155 | D        | Killed an orc knight
  4967 | D        | Noticed a naga warrior
  4968 | D        | Noticed a deep elf knight
  4988 | D        | Killed a deep elf knight
  4998 | D        | Killed a naga warrior
  5485 | D        | Got the +10 short sword of Zeom {freeze, -Tele Str+6}
  6144 | D        | Noticed an angel
  6152 | D        | Killed an angel
  6152 | D        | Reached skill level 21 in Shields
  6153 | D        | Noticed a yellow draconian
  6153 | D        | Noticed an ogre mage
  6155 | D        | Noticed a red draconian
  6155 | D        | Noticed a deep elf sorcerer
  6156 | D        | Noticed a deep elf annihilator
  6156 | D        | Noticed a deep elf death mage
  6157 | D        | Noticed a sphinx
  6158 | D        | Noticed a sphinx
  6161 | D        | Killed an ogre mage
  6161 | D        | Received a gift from Trog
  6162 | D        | Noticed a deep elf annihilator
  6163 | D        | Killed a yellow draconian
  6165 | D        | Noticed a deep elf high priest
  6170 | D        | Killed a deep elf sorcerer
  6177 | D        | Killed a sphinx
  6181 | D        | Killed a deep elf annihilator
  6182 | D        | Killed a sphinx
  6186 | D        | Killed a deep elf high priest
  6187 | D        | Killed a deep elf death mage
  6189 | D        | Killed a red draconian
  6189 | D        | Received a gift from Trog
  6196 | D        | Killed a deep elf annihilator
  6207 | D        | Got an ancient mace {god gift}
  6208 | D        | Identified the +3 mace "Juyr" {drain, Int+2 Dex+4} (Trog gifted it to you in the Dungeon)
  6623 | D        | Noticed a vampire mage
  6652 | D        | Killed a vampire mage
  6652 | D        | Reached XP level 14. HP: 126/137 MP: 3/11
  6694 | D        | Noticed Frances
  6696 | D        | Noticed a greater naga
  6697 | D        | Noticed an ophan
  6698 | D        | Noticed a mottled draconian
  6702 | D        | Killed Frances
  6702 | D        | Received a gift from Trog
  6703 | D        | Noticed a deep elf demonologist
  6704 | D        | Noticed a yellow draconian monk
  6706 | D        | Noticed a yellow draconian
  6708 | D        | Noticed a white draconian
  6709 | D        | Killed an ophan
  6709 | D        | Reached skill level 22 in Shields
  6716 | D        | Killed a white draconian
  6717 | D        | Killed a greater naga
  6718 | D        | Noticed a balrug
  6726 | D        | Killed a deep elf demonologist
  6736 | D        | Killed a yellow draconian
  6736 | D        | Reached skill level 15 in Dodging
  6740 | D        | Killed a yellow draconian monk
  6743 | D        | Killed a mottled draconian
  6750 | D        | Noticed a war gargoyle
  6759 | D        | Killed a war gargoyle
  6764 | D        | Noticed an ophan
  6776 | D        | Killed an ophan
  6825 | D        | Noticed an ogre mage
  6830 | D        | Killed an ogre mage
  6836 | D        | Received a gift from Trog
  6836 | D        | Received a gift from Trog
  6836 | D        | Received a gift from Trog
  6836 | D        | Received a gift from Trog
  7439 | D        | Got the ring "Muppekka" {Ice +Blink Str+4 Stlth+}
  7441 | D        | Got the ring "Isoji" {MP+9 Str+2 Int-3 Dex+6}
  7443 | D        | Got the ring "Omuint" {rElec rC+ Str+2 Int+3 Slay+2}
  7445 | D        | Got the ring "Gizynweu" {+Inv Int+11}
  7447 | D        | Got the ring of the Turtle {rElec SInv}
  7450 | D        | Got the ring "Sutas" {rF- rN+ Int+4}
  7452 | D        | Got the ring of the Seven Demons {AC+6 Str+5}
  7454 | D        | Got the ring "Nalusanu" {rElec rC+ rN+ Str-2 SInv}
  7456 | D        | Got the ring "Nurelyva" {rPois Int+6}
  7458 | D        | Got the ring "Ymmam" {+Fly rC- Int+6 SInv}
  7460 | D        | Got the ring of Amelioration {Fire Dex+2}
  7463 | D        | Got the ring "Qapixt" {*Confuse +Inv rElec rF- Int+9}
  7483 | D        | Got the ring "Vitzaqal" {Ice Int+7}
  7485 | D        | Got the ring of Anneij {rElec rPois rN+ Int+3 Dex+2}
  7505 | D        | Got the ring of Ebuer {+Fly MR+ Int+3 Dex+3}
  7507 | D        | Got the ring of Qilox {rC+ Str+2 Dex+3}
  7814 | D        | Got the amulet of Xykuw {Faith rElec Int+2}
  7816 | D        | Got the amulet of Pyetak {Gourm rC- Dex+6}
  7818 | D        | Got the amulet "Juiddocw" {Gourm *Corrode Str+9 Int+3}
  7820 | D        | Got the amulet "Raabross" {rMut rC++ Slay+2}
  7822 | D        | Got the amulet "Aplejog" {Stasis Dex+3}
  7824 | D        | Got the amulet "Nymaad" {Faith rPois rF- Int-5 Dex+4}
  7826 | D        | Got the amulet "Xyreige" {Faith rF+ Str+3 Dex+4}
  7828 | D        | Got the amulet of Yphuoho {Faith rC+ MR+ MP+9 Str+4}
  7831 | D        | Got the amulet of Lenges {rMut Str+2 Int+3}
  7833 | D        | Got the amulet "Plog" {+Rage Str+2}
  7835 | D        | Got the amulet of Call {Ward *Corrode rPois rF+ rN+ Str+4}
  7837 | D        | Got the amulet "Dobbaser" {*Contam rF+ Regen+ Dex+4}
  8197 | D        | Noticed an electric golem
  8213 | D        | Killed an electric golem
  8231 | D        | Noticed a sphinx
  8234 | D        | Killed a sphinx
  8234 | D        | Received a gift from Trog
  8234 | D        | Reached skill level 23 in Shields
  8241 | D        | Noticed an Ice Fiend
  8249 | D        | Killed an Ice Fiend
  8253 | D        | Noticed a hellion
  8256 | D        | Killed a hellion
  8260 | D        | Noticed an ancient lich
  8261 | D        | Noticed a Brimstone Fiend
  8275 | D        | Killed an ancient lich
  8279 | D        | Noticed a Hell Sentinel
  8294 | D        | Killed a Hell Sentinel
  8423 | D        | Noticed a moth of wrath
  8423 | D        | Noticed a stone giant
  8423 | D        | Noticed an orb of fire
  8423 | D        | Noticed a frost giant
  8423 | D        | Noticed a war gargoyle
  8423 | D        | Noticed a pearl dragon
  8423 | D        | Noticed a wolf spider
  8423 | D        | Noticed a hell knight
  8435 | D        | Killed an orb of fire
  8435 | D        | Reached skill level 24 in Maces & Flails
  8435 | D        | Reached XP level 15. HP: 149/149 MP: 4/12
  8443 | D        | Killed a pearl dragon
  8445 | D        | Killed a war gargoyle
  8447 | D        | Killed a wolf spider
  8447 | D        | Received a gift from Trog
  8452 | D        | Killed a hell knight
  8460 | D        | Killed a stone giant
  8462 | D        | Killed a moth of wrath
  8473 | D        | Killed a frost giant
  8473 | D        | Received a gift from Trog
  8781 | D        | Noticed Peyg the pandemonium lord
  8795 | D        | Killed Peyg the pandemonium lord
  8795 | D        | Reached skill level 25 in Armour
  8835 | D        | Noticed a bone dragon
  8854 | D        | Killed a bone dragon
  8858 | D        | Noticed an azure jelly
  8862 | D        | Killed an azure jelly
  8866 | D        | Noticed a Killer Klown
  8878 | D        | Killed a Killer Klown
  8887 | D        | Noticed Janoughy the pandemonium lord
  8899 | D        | Killed Janoughy the pandemonium lord
  8921 | D        | Noticed Margery
  8933 | D        | Killed Margery
  8933 | D        | Reached skill level 26 in Armour
  9367 | D        | Noticed a fire elemental
  9367 | D        | Noticed a fire elemental
  9368 | D        | Noticed an orc warrior
  9368 | D        | Noticed Azrael
  9368 | D        | Noticed a fire elemental
  9368 | D        | Noticed a fire drake
  9369 | D        | Noticed an orc warrior
  9369 | D        | Noticed a spriggan druid
  9369 | D        | Noticed a minotaur
  9370 | D        | Noticed a soul eater
  9370 | D        | Noticed a hell hound
  9372 | D        | Killed a fire elemental
  9373 | D        | Killed a fire elemental
  9374 | D        | Noticed an eye of devastation
  9374 | D        | Noticed a warg
  9374 | D        | Noticed an orc warlord
  9375 | D        | Noticed an orc priest
  9375 | D        | Killed a fire elemental
  9378 | D        | Noticed an alligator snapping turtle
  9378 | D        | Killed Azrael
  9379 | D        | Noticed a troll
  9380 | D        | Noticed an eidolon
  9380 | D        | Killed a minotaur
  9380 | D        | Received a gift from Trog
  9381 | D        | Noticed a warg
  9382 | D        | Killed a spriggan druid
  9384 | D        | Killed a hell hound
  9384 | D        | Killed a soul eater
  9392 | D        | Killed a fire drake
  9392 | D        | Received a gift from Trog
  9394 | D        | Killed an orc warlord
  9397 | D        | Killed a warg
  9397 | D        | Killed a troll
  9398 | D        | Killed an eidolon
  9399 | D        | Killed an orc priest
  9401 | D        | Killed an eye of devastation
  9401 | D        | Received a gift from Trog
  9401 | D        | Killed an orc warrior
  9405 | D        | Killed an orc warrior
  9406 | D        | Noticed a dire elephant
  9406 | D        | Noticed a necrophage
  9407 | D        | Noticed a bog body
  9407 | D        | Noticed a spriggan rider
  9409 | D        | Killed a dire elephant
  9410 | D        | Noticed a bog body
  9411 | D        | Noticed a ghoul
  9411 | D        | Noticed a wizard
  9413 | D        | Killed a bog body
  9416 | D        | Killed a wizard
  9416 | D        | Received a gift from Trog
  9416 | D        | Reached XP level 16. HP: 90/162 MP: 4/13
  9420 | D        | Killed a bog body
  9421 | D        | Killed a spriggan rider
  9421 | D        | Killed a wasp
  9425 | D        | Noticed an insubstantial wisp
  9425 | D        | Killed a necrophage
  9427 | D        | Noticed a guardian serpent
  9428 | D        | Killed a ghoul
  9429 | D        | Noticed a green draconian knight
  9432 | D        | Got an ancient mace {god gift}
  9434 | D        | Identified the +6 mace "Warotiocs" {venom, rElec rF+ rN+ Dex+2} (Trog gifted it to you in the Dungeon)
  9448 | D        | Killed a green draconian knight
  9448 | D        | Received a gift from Trog
  9452 | D        | Killed an insubstantial wisp
  9455 | D        | Killed a ghost moth
  9455 | D        | Killed a guardian serpent
  9456 | D        | Killed a warg
  9460 | D        | Killed an alligator snapping turtle
  9673 | D        | Noticed an insubstantial wisp
  9673 | D        | Noticed a large abomination
  9677 | D        | Noticed an insubstantial wisp
  9678 | D        | Noticed an insubstantial wisp
  9679 | D        | Killed a large abomination
  9680 | D        | Noticed an insubstantial wisp
  9681 | D        | Killed an insubstantial wisp
  9682 | D        | Noticed an insubstantial wisp
  9684 | D        | Noticed a soul eater
  9685 | D        | Killed an insubstantial wisp
  9686 | D        | Noticed a storm dragon
  9686 | D        | Noticed a storm dragon
  9686 | D        | Noticed a necrophage
  9687 | D        | Noticed a spriggan druid
  9687 | D        | Killed an insubstantial wisp
  9688 | D        | Noticed a green death
  9688 | D        | Killed an insubstantial wisp
  9691 | D        | Noticed an air elemental
  9694 | D        | Noticed a lich
  9694 | D        | Killed a soul eater
  9694 | D        | Received a gift from Trog
  9696 | D        | Noticed a death drake
  9697 | D        | Noticed an eye of draining
  9698 | D        | Killed a spriggan druid
  9699 | D        | Noticed a dire elephant
  9705 | D        | Killed a death drake
  9708 | D        | Noticed a Shadow Fiend
  9708 | D        | Killed a storm dragon
  9708 | D        | Reached skill level 27 in Shields
  9710 | D        | Noticed an Executioner
  9721 | D        | Killed a lich
  9721 | D        | Reached skill level 27 in Maces & Flails
  9721 | D        | Reached skill level 27 in Armour
  9722 | D        | Killed an insubstantial wisp
  9724 | D        | Killed a green death
  9725 | D        | Killed a dire elephant
  9725 | D        | Received a gift from Trog
  9727 | D        | Killed an air elemental
  9728 | D        | Killed an eye of draining
  9729 | D        | Killed a necrophage
  9736 | D        | Noticed Xtahua
  9737 | D        | Killed a storm dragon
  9739 | D        | Noticed an ettin
  9750 | D        | Killed Xtahua
  9752 | D        | Killed an ettin
  9753 | D        | Noticed an earth elemental
  9758 | D        | Killed an earth elemental
  9767 | D        | Got a polished demon blade {god gift}
  9771 | D        | Noticed an orc knight
  9774 | D        | Killed an orc knight
  9779 | D        | Noticed an orc sorcerer
  9780 | D        | Noticed a troll
  9782 | D        | Noticed a flayed ghost
  9782 | D        | Killed an orc sorcerer
  9786 | D        | Killed a troll
  9789 | D        | Noticed a yaktaur
  9792 | D        | Killed a flayed ghost
  9793 | D        | Noticed a deep elf demonologist
  9794 | D        | Noticed a wizard
  9795 | D        | Noticed a fire giant
  9800 | D        | Noticed a fire dragon
  9802 | D        | Noticed a spriggan defender
  9806 | D        | Noticed a quicksilver dragon
  9809 | D        | Noticed a hell beast
  9811 | D        | Noticed a spriggan defender
  9813 | D        | Killed a deep elf demonologist
  9813 | D        | Received a gift from Trog
  9816 | D        | Killed a spriggan defender
  9818 | D        | Killed a wizard
  9822 | D        | Killed a quicksilver dragon
  9824 | D        | Killed a yaktaur
  9825 | D        | Killed a spriggan defender
  9825 | D        | Received a gift from Trog
  9827 | D        | Killed a fire dragon
  9829 | D        | Killed a hell beast
  9833 | D        | Noticed a titan
  9835 | D        | Killed a fire giant
  9841 | D        | Killed a titan
  9849 | D        | Noticed a storm dragon
  9849 | D        | Noticed a spriggan berserker
  9855 | D        | Killed a spriggan berserker
  9855 | D        | Received a gift from Trog
  9861 | D        | Killed a storm dragon
 10641 | D        | Noticed an orc warrior
 10641 | D        | Noticed an orc warlord
 10641 | D        | Noticed an orc warrior
 10641 | D        | Noticed an orc knight
 10641 | D        | Noticed an orc sorcerer
 10641 | D        | Noticed an orc sorcerer
 10641 | D        | Noticed an orc warlord
 10641 | D        | Noticed an orc warlord
 10641 | D        | Noticed an orc high priest
 10641 | D        | Noticed an orc warlord
 10641 | D        | Noticed an orc warlord
 10641 | D        | Noticed an orc warlord
 10641 | D        | Noticed an orc warrior
 10641 | D        | Noticed an orc high priest
 10641 | D        | Noticed an orc warrior
 10641 | D        | Noticed an orc knight
 10641 | D        | Noticed an orc high priest
 10641 | D        | Noticed an orc warrior
 10641 | D        | Noticed an orc high priest
 10641 | D        | Noticed an orc warlord
 10641 | D        | Noticed an orc knight
 10641 | D        | Noticed an orc warrior
 10641 | D        | Noticed an orc warrior
 10641 | D        | Noticed an orc warrior
 10641 | D        | Noticed an orc knight
 10641 | D        | Noticed an orc sorcerer
 10641 | D        | Noticed an orc knight
 10641 | D        | Noticed an orc sorcerer
 10641 | D        | Noticed an orc warlord
 10641 | D        | Noticed an orc warrior
 10641 | D        | Noticed an orc warrior
 10641 | D        | Noticed an orc warlord
 10641 | D        | Noticed an orc sorcerer
 10642 | D        | Noticed an orc warrior
 10642 | D        | Noticed an orc knight
 10642 | D        | Noticed an orc knight
 10642 | D        | Killed an orc sorcerer
 10643 | D        | Noticed an orc high priest
 10645 | D        | Noticed an orc warlord
 10646 | D        | Noticed an orc warlord
 10650 | D        | Noticed an orc high priest
 10651 | D        | Noticed an orc sorcerer
 10651 | D        | Noticed an orc knight
 10651 | D        | Killed an orc warlord
 10653 | D        | Noticed an orc high priest
 10654 | D        | Killed an orc warlord
 10656 | D        | Noticed an orc warrior
 10656 | D        | Killed an orc warlord
 10658 | D        | Noticed an orc warlord
 10660 | D        | Noticed an orc high priest
 10661 | D        | Noticed an orc sorcerer
 10662 | D        | Killed an orc warlord
 10664 | D        | Killed an orc warlord
 10665 | D        | Noticed an orc warrior
 10668 | D        | Noticed an orc warlord
 10670 | D        | Noticed an orc warrior
 10675 | D        | Killed an orc warlord
 10677 | D        | Noticed an orc knight
 10677 | D        | Noticed an orc high priest
 10677 | D        | Noticed an orc high priest
 10677 | D        | Noticed an orc knight
 10677 | D        | Noticed an orc warrior
 10677 | D        | Noticed an orc warrior
 10691 | D        | Killed an orc warlord
 10695 | D        | Killed an orc warlord
 10700 | D        | Killed an orc warlord
 10706 | D        | Killed an orc warlord
 10706 | D        | Received a gift from Trog
 10711 | D        | Killed an orc warlord
 10714 | D        | Killed an orc warlord
 10717 | D        | Killed an orc sorcerer
 10722 | D        | Killed an orc knight
 10726 | D        | Killed an orc high priest
 10740 | D        | Killed an orc warlord
 10751 | D        | Killed an orc knight
 10753 | D        | Killed an orc high priest
 10763 | D        | Killed an orc sorcerer
 10771 | D        | Killed an orc high priest
 10771 | D        | Received a gift from Trog
 10772 | D        | Killed an orc knight
 10778 | D        | Killed an orc high priest
 10779 | D        | Killed an orc warrior
 10781 | D        | Killed an orc knight
 10786 | D        | Killed an orc sorcerer
 10786 | D        | Received a gift from Trog
 10792 | D        | Killed an orc high priest
 10795 | D        | Killed an orc sorcerer
 10795 | D        | Reached XP level 17. HP: 98/188 MP: 4/14
 10798 | D        | Killed an orc knight
 10798 | D        | Received a gift from Trog
 10801 | D        | Killed an orc knight
 10805 | D        | Killed an orc warrior
 10806 | D        | Killed an orc knight
 10813 | D        | Killed an orc warrior
 10817 | D        | Killed an orc warrior
 10819 | D        | Killed an orc warrior
 10821 | D        | Killed an orc warrior
 10821 | D        | Received a gift from Trog
 10823 | D        | Killed an orc knight
 10827 | D        | Killed an orc high priest
 10832 | D        | Killed an orc warrior
 10835 | D        | Killed an orc knight
 10849 | D        | Killed an orc sorcerer
 10851 | D        | Killed an orc warrior
 10851 | D        | Received a gift from Trog
 10852 | D        | Killed an orc knight
 10856 | D        | Killed an orc warrior
 10861 | D        | Killed an orc high priest
 10865 | D        | Killed an orc high priest
 10875 | D        | Killed an orc high priest
 10877 | D        | Killed an orc warrior
 10882 | D        | Killed an orc warrior
 10885 | D        | Killed an orc high priest
 10885 | D        | Received a gift from Trog
 10901 | D        | Killed an orc warrior
 10903 | D        | Killed an orc warrior
 10905 | D        | Killed an orc warrior
 10907 | D        | Killed an orc sorcerer
 10908 | D        | Killed an orc warrior
 10911 | D        | Killed an orc warrior
 10912 | D        | Received a gift from Trog
 10916 | D        | Got a silver rune of Zot
 11389 | D        | Gained mutation: You are surrounded by a mild repulsion field (EV +2). [potion of mutation]
 11389 | D        | Gained mutation: You are agile. (Dex +2) [potion of mutation]
 11389 | D        | Gained mutation: You evolve. [potion of mutation]
 11849 | D        | Got the +11 scimitar of Popular Demand {venom, rF+ Dex+3}
 12228 | D        | Got the +5 hand crossbow of Jeisiton {elec, *Contam Str+4 Dex+8}
 12403 | D        | Gained mutation: Your muscles are strong. (Str +2) [evolution]
 12724 | D        | Noticed a yaktaur
 12724 | D        | Noticed a yaktaur
 12724 | D        | Noticed a yaktaur
 12724 | D        | Noticed a green draconian knight
 12724 | D        | Noticed a red draconian
 12725 | D        | Noticed a yaktaur captain
 12726 | D        | Noticed a hell beast
 12736 | D        | Killed a yaktaur
 12738 | D        | Killed a yaktaur
 12738 | D        | Received a gift from Trog
 12740 | D        | Killed a yaktaur
 12740 | D        | Killed a green draconian knight
 12743 | D        | Killed a red draconian
 12746 | D        | Killed a yaktaur captain
 12746 | D        | Reached skill level 27 in Fighting
 12753 | D        | Killed a hell beast
 12753 | D        | Received a gift from Trog
 12975 | D        | Noticed a shadow dragon
 12975 | D        | Noticed a deep troll
 12975 | D        | Noticed an iron troll
 12977 | D        | Noticed a deep elf master archer
 12977 | D        | Killed an iron troll
 12978 | D        | Killed a deep troll
 12979 | D        | Noticed a deep elf blademaster
 12979 | D        | Noticed a deep troll shaman
 12979 | D        | Noticed a deep troll
 12980 | D        | Noticed a shadow dragon
 12981 | D        | Noticed a mummy priest
 12983 | D        | Killed a shadow dragon
 12985 | D        | Noticed a bone dragon
 12986 | D        | Killed a deep troll shaman
 12990 | D        | Noticed a death ooze
 12990 | D        | Killed a deep troll
 12990 | D        | Received a gift from Trog
 12991 | D        | Killed a deep elf blademaster
 12993 | D        | Noticed a red draconian
 12995 | D        | Noticed a death cob
 12995 | D        | Noticed the 27-headed Lernaean hydra
 12997 | D        | Noticed a green death
 13002 | D        | Killed a bone dragon
 13003 | D        | Killed a deep elf master archer
 13004 | D        | Killed a mummy priest
 13005 | D        | Killed the 27-headed Lernaean hydra
 13005 | D        | Reached skill level 27 in Dodging
 13006 | D        | Killed a death cob
 13006 | D        | Reached skill level 1 in Throwing
 13006 | D        | Reached skill level 1 in Stealth
 13007 | D        | Killed a red draconian
 13008 | D        | Killed a shadow dragon
 13013 | D        | Killed a death ooze
 13016 | D        | Killed a green death
 13017 | D        | Killed a ghost moth
 13026 | D        | Gained mutation: Scrolls take you longer to read. [mutagenic meat]
 13027 | D        | Gained mutation: Your muscles are very strong. (Str +4) [mutagenic meat]
 13028 | D        | Gained mutation: You passively map a small area around you. [mutagenic meat]
 13030 | D        | Gained mutation: You can spit weak poison. [mutagenic meat]
 13240 | D        | Noticed a frost giant
 13241 | D        | Noticed a shadow dragon
 13241 | D        | Noticed a Brimstone Fiend
 13241 | D        | Noticed a blizzard demon
 13252 | D        | Killed a frost giant
 13252 | D        | Received a gift from Trog
 13252 | D        | Reached skill level 5 in Evocations
 13253 | D        | Killed a shadow dragon
 13255 | D        | Killed a Brimstone Fiend
 13255 | D        | Reached skill level 5 in Throwing
 13255 | D        | Killed a blizzard demon
 13255 | D        | Reached skill level 5 in Stealth
 13409 | D        | Noticed a merfolk avatar
 13409 | D        | Noticed a quicksilver dragon
 13409 | D        | Noticed a balrug
 13409 | D        | Noticed a red devil
 13411 | D        | Noticed a red devil
 13412 | D        | Noticed a blizzard demon
 13414 | D        | Killed a ghost moth
 13417 | D        | Killed a merfolk avatar
 13423 | D        | Killed a balrug
 13434 | D        | Killed a blizzard demon
 13439 | D        | Killed a quicksilver dragon
 13439 | D        | Received a gift from Trog
 13446 | D        | Killed a lorocyproca
 13446 | D        | Reached skill level 10 in Evocations
 13453 | D        | Killed a red devil
 13462 | D        | Killed a red devil
 13573 | D        | Noticed a deep elf annihilator
 13574 | D        | Noticed a deep elf blademaster
 13575 | D        | Noticed a fire giant
 13584 | D        | Killed a deep elf annihilator
 13586 | D        | Killed a deep elf blademaster
 13586 | D        | Received a gift from Trog
 13589 | D        | Killed a ghost moth
 13593 | D        | Killed a fire giant
 13603 | D        | Gained mutation: Armour fits poorly on your strangely shaped body. [mutagenic meat]
 13605 | D        | Lost mutation: Your magical capacity is low (-10% MP). [potion of cure mutation]
 13605 | D        | Lost mutation: You passively map a small area around you. [potion of cure mutation]
 13605 | D        | Lost mutation: Your muscles are very strong. (Str +4) [potion of cure mutation]
 13605 | D        | Lost mutation: Scrolls take you longer to read. [potion of cure mutation]
 13606 | D        | Lost mutation: You are agile. (Dex +2) [potion of cure mutation]
 13606 | D        | Lost mutation: You can spit weak poison. [potion of cure mutation]
 13606 | D        | Lost mutation: You are surrounded by a mild repulsion field (EV +2). [potion of cure mutation]
 13607 | D        | Lost mutation: Armour fits poorly on your strangely shaped body. [potion of cure mutation]
 13607 | D        | Lost mutation: Scrolls take you a little longer to read. [potion of cure mutation]
 13607 | D        | Lost mutation: Your flesh is cold resistant. [potion of cure mutation]
 13607 | D        | Lost mutation: You evolve. [potion of cure mutation]
 13854 | D        | Got the amulet of Nonug {Spirit Int+4 Dex+6}
 13856 | D        | Got the amulet of Mocsef {Gourm SInv Stlth+}
 13858 | D        | Got the ring of Uxtiuc {rN++ MR+}
 13860 | D        | Got the ring "Juukiec" {+Fly rF+}
 13862 | D        | Got the ring "Fearios" {+Inv +Fly MR+}
 13864 | D        | Got the ring of Ocuv {Ice Str+5 Dex-5 Slay+4}
 13866 | D        | Got the ring "Hihuwed" {Fire *Contam Str+3 Int+4}
 14088 | D        | Got the ring "Bekkio Pytepp" {rElec MR- Dex+3 SInv Stlth+}
 14109 | D        | Noticed a red draconian
 14109 | D        | Noticed a pearl dragon
 14109 | D        | Noticed a fire elemental
 14109 | D        | Noticed a war gargoyle
 14115 | D        | Killed a war gargoyle
 14122 | D        | Killed a pearl dragon
 14122 | D        | Reached skill level 10 in Throwing
 14126 | D        | Killed a red draconian
 14128 | D        | Killed a fire elemental
 14145 | D        | Noticed a purple draconian
 14145 | D        | Noticed a balrug
 14145 | D        | Noticed a tormentor
 14148 | D        | Killed a tormentor
 14156 | D        | Killed a purple draconian
 14157 | D        | Killed a balrug
 14318 | D        | Noticed a yellow draconian shifter
 14321 | D        | Noticed a spriggan berserker
 14323 | D        | Noticed a vault guard
 14327 | D        | Killed a spriggan berserker
 14330 | D        | Killed a vault guard
 14330 | D        | Received a gift from Trog
 14337 | D        | Killed a lorocyproca
 14337 | D        | Reached skill level 10 in Stealth
 14343 | D        | Killed a yellow draconian shifter
 14343 | D        | Received a gift from Trog
 14785 | D        | Noticed a death ooze
 14787 | D        | Killed a death ooze
 14789 | D        | Noticed an azure jelly
 14793 | D        | Killed an azure jelly
 14800 | D        | Noticed a Hell Sentinel
 14809 | D        | Killed a Hell Sentinel
 14809 | D        | Reached XP level 18. HP: 189/200 MP: 8/28
 14814 | D        | Noticed an ettin
 14817 | D        | Killed an ettin
 14821 | D        | Noticed a storm dragon
 14828 | D        | Killed a storm dragon
 14828 | D        | Received a gift from Trog
 14828 | D        | Reached skill level 15 in Evocations
 14836 | D        | Noticed Iqaen the pandemonium lord
 14851 | D        | Killed Iqaen the pandemonium lord
 15008 | D        | Noticed a hell beast
 15010 | D        | Killed a hell beast
 15016 | D        | Noticed a soul eater
 15016 | D        | Noticed a yellow draconian caller
 15016 | D        | Noticed a tentacled monstrosity
 15022 | D        | Killed a soul eater
 15030 | D        | Killed a tentacled monstrosity
 15035 | D        | Killed a yellow draconian caller
 15035 | D        | Received a gift from Trog
 15351 | D        | Noticed a Brimstone Fiend
 15359 | D        | Killed a Brimstone Fiend
 15376 | D        | Noticed an Ice Fiend
 15380 | D        | Noticed an Ice Fiend
 15382 | D        | Killed an Ice Fiend
 15392 | D        | Killed an Ice Fiend
 15675 | D        | Noticed a yellow draconian zealot
 15675 | D        | Noticed a hellion
 15675 | D        | Noticed a death ooze
 15679 | D        | Killed a yellow draconian zealot
 15680 | D        | Killed a hellion
 15681 | D        | Noticed an electric golem
 15683 | D        | Killed a death ooze
 15703 | D        | Killed an electric golem
 15711 | D        | Noticed a fire giant
 15711 | D        | Noticed a red draconian
 15715 | D        | Killed a red draconian
 15719 | D        | Killed a fire giant
 15719 | D        | Received a gift from Trog
 15719 | D        | Reached skill level 15 in Throwing
 15755 | D        | Noticed a titan
 15760 | D        | Killed a titan
 15760 | D        | Received a gift from Trog
 15801 | D        | Noticed a hellion
 15805 | D        | Killed a hellion
 15808 | D        | Noticed Norris
 15828 | D        | Killed Norris
 15913 | D        | Noticed a titan
 15917 | D        | Killed a titan
 15921 | D        | Noticed an Ice Fiend
 15927 | D        | Killed an Ice Fiend
 15927 | D        | Received a gift from Trog
 16172 | D        | Noticed a titan
 16172 | D        | Noticed the royal jelly
 16172 | D        | Noticed a greater mummy
 16180 | D        | Killed the royal jelly
 16180 | D        | Reached skill level 15 in Stealth
 16186 | D        | Killed a titan
 16193 | D        | Killed a greater mummy
 16198 | D        | HP: 7/200 [acid[the royal jelly] (9)]
 16200 | D        | HP: 2/200 [azure jelly[the royal jelly] (7)]
 16203 | D        | Slain by an azure jelly

Vault maps used:
D:        pitsprint

Action                   |  1- 3 |  4- 6 |  7- 9 | 10-12 | 13-15 | 16-18 || total
-------------------------+-------+-------+-------+-------+-------+-------++-------
Melee: Mace              |    16 |    55 |    30 |       |       |    21 ||   122
       Flail             |     3 |       |       |       |       |       ||     3
       Morningstar       |       |       |   125 |   237 |       |   200 ||   562
       Eveningstar       |       |       |       |    22 |   398 |   429 ||   849
Throw: Javelin           |       |       |     1 |       |       |       ||     1
Invok: Berserk           |     1 |     1 |     2 |     1 |     2 |     1 ||     8
       Trog's Hand       |       |     3 |     6 |    10 |    16 |    18 ||    53
       Brothers in Arms  |       |       |     3 |    11 |    13 |    18 ||    45
       Burn Spellbooks   |       |       |       |     3 |     1 |     1 ||     5
Evoke: Wand              |       |       |       |       |       |     2 ||     2
  Use: Potion            |       |       |       |     4 |     8 |    11 ||    23
       Scroll            |       |       |       |       |     6 |       ||     6
 Stab: Distracted        |       |       |       |     2 |     1 |     2 ||     5
  Eat: Chunk             |       |     1 |     5 |     4 |     4 |    11 ||    25
       Bread ration      |       |       |       |     4 |     5 |     3 ||    12
       Fruit             |       |       |       |       |     1 |       ||     1
       Meat ration       |       |       |       |       |       |     3 ||     3
